 Dungeon Crawl Stone Soup version 0.30-a0-778-g2ef04afb54 (webtiles) character file.

Game seed: 9962564286267337198

277 Ceno the Shooter (level 6, -6/43 HPs)
             Began as a Barachi Hexslinger on Feb 16, 2023.
             Was an Initiate of Ru.
             Mangled by an iguana (10 damage)
             ... on level 5 of the Dungeon on Feb 17, 2023.
             The game lasted 00:11:47 (3614 turns).

Ceno the Shooter (Barachi Hexslinger)               Turns: 3614, Time: 00:11:48

Health: -6/43      AC:  2    Str: 11    XL:     6   Next: 25%
Magic:  6/7        EV: 12    Int: 13    God:    Ru [......]
Gold:   197        SH:  0    Dex: 15    Spells: 0/7 levels left

rFire   . . .      SeeInvis .    a - +1 sling
rCold   . . .      Faith    .    (no shield)
rNeg    . . .      Spirit   .    c - +0 robe
rPois   .          Reflect  .    (no helmet)
rElec   .          Harm     .    (no cloak)
rCorr   .          Rampage  .    (no gloves)
Will    .....                    (no boots)
Stlth   +                        (no amulet)
HPRegen 0.27/turn                (no ring)
MPRegen 0.10/turn                (no ring)

@: unable to hop, slow
A: amphibious, slowness 1, strong legs 1, +LOS
a: Hop, Renounce Religion


You were on level 5 of the Dungeon.
You worshipped Ru.
Ru was noncommittal.
You visited 2 branches of the dungeon, and saw 6 of its levels.

You collected 197 gold pieces.

Inventory:

Hand Weapons
 a - a +1 sling (weapon)
Missiles
 j - 7 poisoned darts
Armour
 c - a +0 robe (worn)
Scrolls
 b - a scroll of poison
 f - a scroll of silence {unknown}
 g - a scroll of noise
 i - a scroll of fear
 k - a scroll of brand weapon {unknown}
 m - a scroll of teleportation {unknown}
 p - a scroll of vulnerability
Potions
 d - a potion of invisibility {unknown}
 e - 4 potions of haste
 h - a potion of attraction
 l - 2 potions of magic {unknown}
 n - a potion of degeneration {unknown}
 o - a potion of heal wounds {unknown}


   Skills:
 - Level 1.2 Fighting
 * Level 5.2 Ranged Weapons
 - Level 2.1 Dodging
 - Level 1.1 Spellcasting
 - Level 5.0 Hexes
 + Level 0.9 Fire Magic


You couldn't memorise any spells.
You knew the following spells:

 Your Spells              Type           Power      Damage    Failure   Level
a - Slow                  Hex            52%        N/A       3%          1
b - Inner Flame           Hex/Fire       8%         N/A       24%         3
c - Portal Projectile     Hex/Tloc       14%        N/A       30%         3

Your spell library contained the following spells:

 Spells                   Type           Power      Damage    Failure   Level
 Confusing Touch          Hex            13%        N/A       11%         3
 Ensorcelled Hibernation  Hex/Ice        14%        N/A       16%         2
 Kiss of Death            Conj/Necr      0%         2d5       28%         1
 Shock                    Conj/Air       0%         1d3       28%         1
 Cause Fear               Hex            6%         N/A       34%         4
 Blink                    Tloc           0%         N/A       38%         2
 Passwall                 Tmut/Erth      0%         N/A       38%         2
 Swiftness                Air            0%         N/A       63%         3
 Airstrike                Air            0%         2d(0-16)  95%         4
 Dispel Undead            Necr           0%         3d6       95%         4
 Manifold Assault         Tloc           0%         N/A       95%         4
 Freezing Cloud           Conj/Ice/Air   0%         6-21      100%        5
 Simulacrum               Ice/Necr       0%         N/A       100%        6
 Storm Form               Tmut/Air       0%         N/A       100%        7
 Polar Vortex             Ice            0%         N/A       100%        9


Dungeon Overview and Level Annotations

Branches:
Dungeon (5/15)             Temple (1/1) D:4

Altars:
Dithmenos
Elyvilon
Fedhas
Kikubaaqudgha
Makhleb
Nemelex Xobeh
Okawaru
Qazlal
Ru
Trog
Vehumet
Wu Jian
Xom
Yredelemnul
The Shining One

Annotations:
D:3 3 runed translucent doors, themarg's ghost, amateur DsIE


Innate Abilities, Weirdness & Mutations

You are amphibious.
You cover ground slowly.
You can hop short distances.
You have an extended range of vision and can be seen from far away.


Message History

Aim: an iguana (heavily wounded, 63% to hit)
You shoot a sling bullet. The sling bullet hits the iguana.
The iguana is severely wounded.
The iguana bites you! The iguana closely misses you.
Fire: a) +1 sling
Press: ? - help, Q - select action, (/) - cycle Shift-Dir - straight line, f/p - iguana
Aim: an iguana (severely wounded, 63% to hit)
You shoot a sling bullet.
The sling bullet closely misses the iguana.
The iguana bites you!
* * * LOW HITPOINT WARNING * * *
Fire: a) +1 sling
Press: ? - help, Q - select action, (/) - cycle Shift-Dir - straight line, f/p - iguana
Aim: an iguana (severely wounded, 63% to hit)
You shoot a sling bullet.
The sling bullet barely misses the iguana.
The iguana bites you.
* * * LOW HITPOINT WARNING * * *
Fire: a) +1 sling
Press: ? - help, Q - select action, (/) - cycle Shift-Dir - straight line, f/p - iguana
Aim: an iguana (severely wounded, 63% to hit)
You shoot a sling bullet.
The sling bullet hits the iguana but does no damage.
The iguana is severely wounded.
The iguana bites you!
* * * LOW HITPOINT WARNING * * *
Fire: a) +1 sling
Press: ? - help, Q - select action, (/) - cycle Shift-Dir - straight line, f/p - iguana
Aim: an iguana (severely wounded, 63% to hit)
You shoot a sling bullet.
The sling bullet hits the iguana but does no damage.
The iguana is severely wounded.
The iguana barely misses you.
Fire: a) +1 sling
Press: ? - help, Q - select action, (/) - cycle Shift-Dir - straight line, f/p - iguana
Aim: an iguana (severely wounded, 63% to hit)
You shoot a sling bullet. The sling bullet hits the iguana.
The iguana is almost dead.
The iguana bites you!
You die...

# ### ######### ...
......... ..# #########
#.#########.^...
###.#......##.####
#...#....<.# #
#)..#......##.# # ##
#@).#.........#..#
.....##l..............#
#.....#####.....##.#
#####...# ........#
......##########
....>#[... ### #.....#
..## .# ####### ... ..
.. #.


You could see an iguana.

Vanquished Creatures
  A scorpion (D:5)
  A howler monkey (D:4)
  A jelly (D:4)
  6 adders
  An ufetubus (D:4)
  2 worms
  A dart slug (D:4)
  4 orcs
  6 bats
  4 endoplasms
  4 giant cockroaches
  9 goblins
  6 hobgoblins
  7 jackals
  3 quokkas
  6 ball pythons
  5 frilled lizards
  10 kobolds
  6 rats
83 creatures vanquished.

Notes
Turn   | Place    | Note
-------+----------+-------------------------------------------
     0 | D:1      | Ceno the Barachi Hexslinger began the quest for the Orb.
     0 | D:1      | Reached XP level 1. HP: 15/15 MP: 2/2
   163 | D:1      | Reached XP level 2. HP: 21/21 MP: 1/3
   518 | D:1      | Reached XP level 3. HP: 23/26 MP: 1/4
  1156 | D:2      | Reached XP level 4. HP: 4/32 MP: 2/5
  1683 | D:3      | Found a runed translucent gate.
  1683 | D:3      | Found a runed translucent gate.
  1683 | D:3      | Found a runed translucent gate.
  1684 | D:3      | Noticed themarg's ghost (amateur DsIE)
  2425 | D:4      | Reached XP level 5. HP: 34/37 MP: 4/6
  2435 | D:4      | Learned a level 3 spell: Inner Flame
  2737 | D:4      | Found a staircase to the Ecumenical Temple.
  2747 | Temple   | Entered the Ecumenical Temple
  2758 | Temple   | Became a worshipper of Ru the Awakened
  3130 | D:4      | Reached skill level 5 in Ranged Weapons
  3237 | D:5      | Entered Level 5 of the Dungeon
  3309 | D:5      | Reached XP level 6. HP: 43/43 MP: 2/7
  3365 | D:5      | Noticed an ice beast
  3488 | D:4      | Reached skill level 5 in Hexes
  3586 | D:5      | Learned a level 3 spell: Portal Projectile
  3614 | D:5      | Mangled by an iguana

Illustrated notes

Levels and vault maps discovered:
D:1:      minmay_arrival_up_and_down, layout_loops_ring
D:2:      layout_rooms, serial_park_tiny_2, kennysheep_generic_room_12
D:3:      layout_loops_ring, gammafunk_ghost_split, minmay_misc_feat_roman,
          st_stairs_1
D:4:      layout_cave_pods, minmay_temple_entry_stoned_glass
D:5:      nicolae_cairo_tiling_very_big, layout_basic,
          gammafunk_ghost_necromancy, serial_shops, shop, kennysheep_diamond
Temple:   nicolae_temple_bog_church

Skill      XL: |  1  2  3  4  5  6 |
---------------+-------------------+-----
Ranged Weapons | 3 4 5 |  5.2
Hexes          | 4 5 |  5.0
Fighting       | |  1.2
Dodging        | |  2.1
Spellcasting   | |  1.1
Fire Magic     | |  0.9

Action                     |  1- 3 |  4- 6 || total
---------------------------+-------+-------++-------
   Fire: Sling             |   129 |   177 ||   306
  Throw: Dart              |       |     3 ||     3
   Cast: Slow              |    25 |    33 ||    58
Ability: Hop               |    10 |     9 ||    19
    Use: Scroll            |       |     5 ||     5
 Armour: Robe              |    22 |     3 ||    25
  Dodge: Dodged            |    61 |    42 ||   103

Table legend: (Time is in decaauts)
 A = Elapsed time spent in this place.
 B = Non-inter-level travel time spent in this place.
 C = Inter-level travel time spent in this place.
 D = Time resting spent in this place.
 E = Time spent auto-exploring this place.
 F = Levels seen in this place.
 G = Mean time per level.
                   A        B        C        D        E       F      G
               +--------+--------+--------+--------+--------+-----+--------+
         Total |   4168 |   3972 |    196 |    260 |   2738 |   6 |  694.7 |
       Dungeon |   4141 |   3957 |    184 |    260 |   2738 |   5 |  828.2 |
        Temple |     26 |     14 |     12 |      0 |      0 |   1 |   26.0 |
               +--------+--------+--------+--------+--------+-----+--------+

Top non-repeatable levels by time:
     D:1: 1233 daAuts
     D:4: 1071 daAuts
     D:3: 885 daAuts
     D:2: 653 daAuts
     D:5: 297 daAuts
  Temple: 26 daAuts
